 Dungeon Crawl Stone Soup version 0.30-a0-166-g5d06c95188 (webtiles) character file.

Game seed: 6987674955180423542

268 qw the Chopper (level 6, -1/38 HPs)
             Began as a Gargoyle Fighter on Sept 28, 2022.
             Slain by an iguana (10 damage)
             ... on level 4 of the Dungeon.
             The game lasted 00:01:38 (4391 turns).

qw the Chopper (Gargoyle Fighter)                   Turns: 4391, Time: 00:01:38

Health: -1/38      AC: 21    Str: 21    XL:     6   Next: 21%
Magic:  6/6        EV:  5    Int:  9    God:
Gold:   198        SH:  9    Dex:  9    Spells: 5/5 levels left

rFire   . . .      SeeInvis .    Y - +2 war axe
rCold   . . .      Faith    .    c - +0 buckler
rNeg    + . .      Spirit   .    m - +0 plate armour
rPois   inf        Reflect  +    (no helmet)
rElec   +          Harm     .    (no cloak)
rCorr   .          Rampage  .    (no gloves)
Will    .....                    e - +0 pair of boots
Stlth   ..........               i - amulet of reflection
HPRegen 0.12/turn                g - +4 ring of protection
MPRegen 0.10/turn                (no ring)

@: about to teleport
A: sickness immunity, AC +4, negative energy resistance 1, electricity
resistance, torment resistance 1, petrification resistance
a: no special abilities


You were on level 4 of the Dungeon.
You visited 1 branch of the dungeon, and saw 5 of its levels.

You collected 237 gold pieces.
You spent 39 gold pieces at shops.


Innate Abilities, Weirdness & Mutations

You are immune to sickness and miasma.
Your stone body is resilient. (AC +4)
You are immune to poison.
You resist negative energy. (rN+)
You are resistant to electric shocks. (rElec)
You are resistant to unholy torment.
You are immune to petrification.


   Skills:
 - Level 4.2 Fighting
 + Level 5.3 Axes
 - Level 3.2 Armour
 - Level 3.2 Shields


You had 5 spell levels left.
You didn't know any spells.
Your spell library was empty.

Inventory:

Hand Weapons
 q - a +1 whip of venom
 Y - a +2 war axe (weapon)
Missiles
 k - 4 boomerangs (quivered)
Armour
 c - a +0 buckler (worn)
 e - a +0 pair of boots (worn)
 m - a +0 plate armour (worn)
Jewellery
 g - a +4 ring of protection (left hand)
 i - an amulet of reflection (around neck)
Scrolls
 p - a scroll of identify
Potions
 b - a potion of heal wounds
 d - 2 potions of might
 h - a potion of mutation {unknown}
 j - 4 potions of attraction
 l - a potion of haste
 o - a potion of curing {unknown}

Dungeon Overview and Level Annotations

Branches:
Dungeon (5/15)
 Temple: D:4-7

Altars:
Gozag
Hepliaklqana
Nemelex Xobeh
Trog

Shops:
D:4 ?(

Annotations:
D:4 3 runed translucent doors, qw's ghost, amateur GrFi


Message History

You kill the orc!
You barely miss the iguana.
The iguana bites you but does no damage.
You hit the iguana but do no damage. The iguana bites you.
The iguana bites you but does no damage.
You barely miss the iguana. You block the iguana's attack.
You hit the iguana.
The iguana is lightly wounded.
The iguana bites you but does no damage.
You closely miss the iguana.
The iguana is lightly wounded.
The iguana bites you but does no damage.
You barely miss the iguana.
The iguana is lightly wounded.
An orc comes into view. It is wielding a +0 club.
The iguana bites you! You block the iguana's attack.
4385 ||| STAIRDANCE You block the iguana's attack.
You climb upwards.
Level annotation: 3 runed translucent doors, qw's ghost, amateur GrFi
There is a stone staircase leading down here.
You slash the iguana!
The iguana is heavily wounded.
You block the iguana's attack.
You closely miss the iguana.
The iguana is heavily wounded.
The iguana bites you but does no damage.
You hit the iguana.
The iguana is severely wounded.
The iguana bites you but does no damage.
You hit the iguana.
The iguana is almost dead.
You block the iguana's attack. The iguana bites you!
4391 ||| READING scroll of teleportation.
As you read the scroll of teleportation, it crumbles to dust.
You feel strangely unstable. The iguana bites you!
You die...

#.###..........# #.# #.#
.........!.....# #.# #.#
#.###...##+++### #.# #.#
.......##WO$..## #.# #.#
..###..#\$w_$..# #.####.#
.......#8w.8$.8# #......#
.......#......\# #.###..#
.####..##.8\8.#####.# #..#
........#######l@##.###..#
.####...........[........##
..###..#######.#.##.####..#
...........# #.#..8.<.\.8.#
..###..#######.#.##.####.##
..# #..# #........####.####
..# #..# #.#...###........#
..# #..# #.#...# #.########
..# #..# #.#...# #.#


You could see an iguana.

Vanquished Creatures
  A jelly (D:4)
  3 orc wizards
  Terence (D:3)
  5 adders
  A gnoll (D:4)
  3 worms
  2 dart slugs
  5 orcs
  5 ball pythons
  4 bats
  6 endoplasms
  2 giant cockroaches (D:3)
  8 goblins
  6 hobgoblins
  6 jackals
  12 kobolds
  A quokka (D:4)
  5 frilled lizards
  7 rats
83 creatures vanquished.

Vanquished Creatures (others)
  4 plants (D:4)
4 creatures vanquished.

Grand Total: 87 creatures vanquished

Notes
Turn   | Place    | Note
-------+----------+-------------------------------------------
     0 | D:1      | qw the Gargoyle Fighter began the quest for the Orb.
     0 | D:1      | Reached XP level 1. HP: 14/14 MP: 1/1
     0 | D:1      | 0 ||| qw: Version: 0.2-a-12-gaebbb33
     0 | D:1      | 0 ||| qw: Game counter: 980
     0 | D:1      | 0 ||| qw: Always use a shield: true
     0 | D:1      | 0 ||| qw: God list: Okawaru
     0 | D:1      | 0 ||| qw: Allow faded altars: false
     0 | D:1      | 0 ||| qw: Do Orc after D:15 true
     0 | D:1      | 0 ||| qw: Do second Lair branch before Depths: true
     0 | D:1      | 0 ||| qw: Lair rune preference: random
     0 | D:1      | 0 ||| qw: Plans: Normal, Zot:1-4, God:TSO, Crypt, Tomb,
                  | Pan, Slime:5, Hells, Abyss, Orb
     0 | D:1      | 0 ||| PLANNING D:1-11
    95 | D:1      | Reached skill level 2 in Axes
   192 | D:1      | Reached XP level 2. HP: 8/19 MP: 2/2
   199 | D:1      | 199 ||| Stepping ~*~*~tactically~*~*~ (stealth).
  1076 | D:1      | 1076 ||| UPGRADING to +0 pair of boots.
  1081 | D:1      | 1081 ||| UPGRADING to amulet of the acrobat.
  1086 | D:1      | 1086 ||| READING scroll labelled HEEFU PEIMN.
  1087 | D:1      | 1087 ||| READING scroll labelled OPAYQ ELETIOV.
  1088 | D:1      | 1088 ||| READING scroll labelled YRASKU APUHAAMP.
  1089 | D:1      | 1089 ||| READING scroll labelled GIQIBI OZYOLAQ.
  1138 | D:2      | 1138 ||| FLEEEEING.
  1140 | D:2      | 1140 ||| FLEEEEING.
  1141 | D:2      | 1141 ||| STAIRDANCE
  1186 | D:2      | Reached skill level 3 in Axes
  1209 | D:2      | Identified the +6 dagger "Atoss" {antimagic, rF- rC++
                  | Will++}
  1224 | D:2      | Reached XP level 3. HP: 20/23 MP: 3/3
  1271 | D:2      | 1271 ||| DROPPING +0 club.
  1479 | D:2      | 1479 ||| FLEEEEING.
  1480 | D:2      | 1480 ||| FLEEEEING.
  1482 | D:2      | 1482 ||| FLEEEEING.
  1483 | D:2      | 1483 ||| FLEEEEING.
  1484 | D:2      | 1484 ||| FLEEEEING.
  1490 | D:2      | 1490 ||| Stepping ~*~*~tactically~*~*~ (stealth).
  1579 | D:2      | 1579 ||| Stepping ~*~*~tactically~*~*~ (stealth).
  1583 | D:2      | 1583 ||| Stepping ~*~*~tactically~*~*~ (stealth).
  1585 | D:2      | 1585 ||| Stepping ~*~*~tactically~*~*~ (stealth).
  1587 | D:2      | 1587 ||| Stepping ~*~*~tactically~*~*~ (stealth).
  1588 | D:2      | 1588 ||| Stepping ~*~*~tactically~*~*~ (stealth).
  1656 | D:2      | 1656 ||| READING scroll of enchant weapon.
  1656 | D:2      | 1656 ||| ENCHANTING +1 war axe.
  1709 | D:2      | 1709 ||| Stepping ~*~*~tactically~*~*~ (hiding).
  1869 | D:2      | 1869 ||| UPGRADING to +4 ring of protection.
  1870 | D:2      | 1870 ||| READING scroll labelled ZAESTAT LAGYIPT.
  1871 | D:2      | 1871 ||| READING scroll labelled HEPTIW RIATICH.
  1874 | D:2      | 1874 ||| READING scroll labelled QIUM QUPOPNIWK.
  1898 | D:3      | Noticed Terence
  1905 | D:3      | Killed Terence
  1906 | D:3      | Reached skill level 4 in Axes
  1906 | D:3      | Reached XP level 4. HP: 21/28 MP: 4/4
  1906 | D:3      | 1906 ||| STAIRDANCE
  1991 | D:3      | You fall into a shaft and drop 2 floors!
  1991 | D:5      | Entered Level 5 of the Dungeon
  1992 | D:5      | 1992 ||| UPGRADING to +3 chain mail.
  2002 | D:5      | 2002 ||| DROPPING +0 scale mail.
  2003 | D:5      | 2003 ||| READING 2 scrolls of identify.
  2003 | D:5      | 2003 ||| IDENTIFYING fizzy sapphire potion
  2004 | D:5      | 2004 ||| DROPPING potion of ambrosia.
  2025 | D:4      | Found Efuiqof's Magic Scroll Shop.
  2075 | D:4      | 2075 ||| READING scroll labelled MIRYZX USORU.
  2076 | D:4      | 2076 ||| READING 3 scrolls of identify.
  2076 | D:4      | 2076 ||| IDENTIFYING inky potion
  2077 | D:4      | 2077 ||| READING 2 scrolls of identify.
  2077 | D:4      | 2077 ||| IDENTIFYING bubbling orange potion
  2085 | D:3      | 2085 ||| Stepping ~*~*~tactically~*~*~ (stealth).
  2089 | D:3      | 2089 ||| Stepping ~*~*~tactically~*~*~ (stealth).
  2090 | D:3      | 2090 ||| Stepping ~*~*~tactically~*~*~ (stealth).
  2092 | D:3      | 2092 ||| Stepping ~*~*~tactically~*~*~ (stealth).
  2280 | D:3      | Found a sparkling altar of Nemelex Xobeh.
  2534 | D:3      | Reached XP level 5. HP: 25/32 MP: 5/5
  2700 | D:3      | Reached skill level 5 in Axes
  2774 | D:3      | 2774 ||| DROPPING +0 whip.
  2966 | D:3      | 2966 ||| UPGRADING to +0 plate armour.
  2976 | D:3      | 2976 ||| DROPPING +3 chain mail.
  2977 | D:3      | 2977 ||| DROPPING ring of flight.
  3167 | D:4      | Found a hazy altar of Hepliaklqana.
  3184 | D:4      | Found a runed translucent gate.
  3185 | D:4      | Found a runed translucent gate.
  3186 | D:4      | Found a runed translucent gate.
  3230 | D:4      | 3230 ||| Stepping ~*~*~tactically~*~*~ (hiding).
  3420 | D:4      | Noticed a moth of wrath
  3424 | D:4      | Found a bloodstained altar of Trog.
  3439 | D:4      | 3439 ||| FLEEEEING.
  3440 | D:4      | 3440 ||| FLEEEEING.
  3441 | D:4      | 3441 ||| FLEEEEING.
  3442 | D:4      | 3442 ||| FLEEEEING.
  3444 | D:4      | 3444 ||| STAIRDANCE
  3519 | D:3      | 3519 ||| READING scroll labelled LEUL YSOISHE.
  3520 | D:3      | 3520 ||| READING scroll labelled HEAPSE PIKIT.
  3542 | D:4      | Identified the +6 falchion of Painted Punishment {vorpal,
                  | Contam Will++ Str+2}
  3665 | D:4      | 3665 ||| BUYING scroll of teleportation (39 gold).
  3665 | D:4      | Bought a scroll of teleportation for 39 gold pieces
  3717 | D:4      | Found Saviush's Weapon Emporium.
  3755 | D:4      | Found an opulent altar of Gozag.
  3962 | D:4      | Noticed qw's ghost (amateur GrFi)
  4148 | D:4      | Noticed an ogre
  4150 | D:4      | 4150 ||| UPGRADING to amulet of reflection.
  4160 | D:4      | 4160 ||| DROPPING amulet of the acrobat.
  4161 | D:4      | 4161 ||| READING 2 scrolls of identify.
  4161 | D:4      | 4161 ||| IDENTIFYING dark potion
  4162 | D:4      | 4162 ||| DROPPING potion of degeneration.
  4183 | D:5      | 4183 ||| STAIRDANCE
  4189 | D:4      | Reached XP level 6. HP: 36/38 MP: 6/6
  4240 | D:5      | 4240 ||| STAIRDANCE
  4279 | D:5      | 4279 ||| STAIRDANCE
  4385 | D:5      | 4385 ||| STAIRDANCE
  4390 | D:4      | HP: 9/38 [iguana (8)]
  4391 | D:4      | 4391 ||| READING scroll of teleportation.
  4391 | D:4      | Slain by an iguana

Levels and vault maps discovered:
D:1:      wander_arrival_fairy_ring, layout_basic
D:2:      layout_rooms, minmay_misc_feat_tower, minmay_fractal_squares_gapless_5
D:3:      layout_loops_cross, mainiacjoe_overflow_24_doors,
          amcnicky_mini_pool_small, uniq_terence
D:4:      layout_basic, tgw_trog, mainiacjoe_overflow_brackets, serial_shops,
          shop_statue, shop_coins, ebering_ghost_gozag, saegor_snake_ambush
D:5:      layout_basic, zin_angel, pf_guarded_unrand_meek

Skill      XL: |  1  2  3  4  5 |
---------------+----------------+-----
Axes           | 2 3 4 5 |  5.3
Fighting       | 4 |  4.2
Armour         | |  3.2
Shields        | |  3.2

Action                   |  1- 3 |  4- 6 || total
-------------------------+-------+-------++-------
Melee: War axe           |    98 |   140 ||   238
Throw: Boomerang         |     4 |    37 ||    41
  Use: Scroll            |     8 |     8 ||    16
Armor: Scale mail        |    44 |       ||    44
       Chain mail        |       |    80 ||    80
       Plate armour      |       |    47 ||    47
Dodge: Dodged            |    58 |    41 ||    99
Block: Buckler           |    22 |    33 ||    55

Table legend:
 A = Non-vault XP
 B = Vault XP
 C = Vault XP percentage of total XP
 D = Non-vault monster count
 E = Vault monster count
 F = Vault count percentage of total count
                 A         B        C        D         E       F
            +---------+---------+-------+---------+---------+-------
      Total |     312 |      71 |  18.5 |      70 |      13 |  15.7
            +---------+---------+-------+---------+---------+-------
        D:1 |      25 |       0 |   0.0 |      15 |       0 |   0.0
        D:2 |      46 |      10 |  17.9 |      20 |       4 |  16.7
        D:3 |     116 |      32 |  21.6 |      22 |       1 |   4.3
        D:4 |     122 |      29 |  19.2 |      12 |       8 |  40.0
        D:5 |       3 |       0 |   0.0 |       1 |       0 |   0.0
            +---------+---------+-------+---------+---------+-------
